AoeStats
← PanChichotek

Runestones

508405562Analyzed
1v1 RM · 10d ago on Sep 22, 2026· 20m 19s· 2 players
Game mode
Random Map
Map size
Tiny (2 player)
Population
200
Speed
Normal
Resources
Standard
Victory
Conquest
Starting age
Dark Age
Ending age
Imperial Age
RankedLock teamsTeams togetherTeam positionsShared explorationLock speedFull tech treeHidden civsTurbo modeCheats
Victory
Defeat
🇵🇱 Goths · Poland
775
+17
🇳🇱 Wei · Netherlands
798
-17
PanChichotek
11:59 Feudal Age
14:36 Man-at-Arms
16:20 Scale Mail Armor
klry
6:06 Loom
6:58 Loom
10:39 Feudal Age
11:13 Double-Bit Axe
11:34 Gold Mining
11:34 Stone Mining
19:08 Castle Age
18:23 Horse Collar
Connection lost

Rejoining the realm…

Still unreachable

The connection could not be restored.

Session expired

The server has moved on; the page needs a fresh start.